 Seeded DCSS version 0.28.0-62-gf88900778d (webtiles) character file.

Game seed: 18429862210968598332 (custom seed)

557 Mickster the Thaumaturge (level 7, -4/37 HPs)
             Began as a Deep Elf Wanderer on Mar 12, 2023.
             Slain by a sky beast (6 damage)
             ... on level 6 of the Dungeon.
             The game lasted 00:58:42 (3913 turns).

Mickster the Thaumaturge (Deep Elf Wanderer)        Turns: 3913, Time: 00:58:44

Health: -4/37      AC:  6    Str:  7    XL:     7   Next: 9%
Magic:  20/20      EV: 12    Int: 21    God:
Gold:   165        SH:  0    Dex: 14    Spells: 14/22 levels left

rFire   . . .      SeeInvis .   n - +0 rapier
rCold   . . .      Faith    .   (no shield)
rNeg    . . .      Spirit   .   q - +0 leather armour
rPois   .          Reflect  .   d - +1 helmet
rElec   .          Harm     .   o - +0 cloak
rCorr   .          Rampage  .   (no gloves)
Will    +....                   (no boots)
Stlth   +.........              (no amulet)
HPRegen 0.12/turn               p - ring of willpower
MPRegen 0.17/turn               A - ring of wizardry

@: lethally poisoned (-4 -> -9)
A: no striking features
a: no special abilities


You were on level 6 of the Dungeon.
You visited 1 branch of the dungeon, and saw 6 of its levels.

You collected 165 gold pieces.

Inventory:

Hand Weapons
 a - a +0 dagger
 h - a +0 mace
 n - a +0 rapier (weapon)
 t - a +0 spear
 D - a +0 shortbow
Missiles
 b - 55 stones
 e - a curare-tipped dart
 g - 12 bolts
 k - 20 sling bullets
 w - a throwing net
 E - 24 arrows
 H - 4 boomerangs (quivered)
Armour
 c - a +0 robe
 d - a +1 helmet (worn)
 m - a +0 ring mail
 o - a +0 cloak (worn)
 q - a +0 leather armour (worn)
 F - a +0 plate armour
Jewellery
 p - a ring of willpower (left hand)
 u - an amulet of magic regeneration
 A - a ring of wizardry (right hand)
Wands
 x - a wand of iceblast (3)
 y - a wand of charming (7)
 G - a wand of mindburst (11)
Scrolls
 f - 3 scrolls of identify
 i - a scroll of amnesia
 r - a scroll of fear
 z - 2 scrolls of teleportation {unknown}
 B - 2 scrolls of magic mapping
Potions
 l - 2 potions of flight
 s - a potion of might
 v - a potion of lignification {unknown}
 C - a potion of cancellation {unknown}


   Skills:
 + Level 0.6 Fighting
 * Level 2.4 Short Blades
 + Level 0.4 Throwing
 + Level 1.1 Armour
 + Level 2.9 Dodging
 + Level 0.7 Stealth
 + Level 8.4 Spellcasting
 * Level 1.3 Hexes
 * Level 3.2 Summonings
 * Level 4.4 Earth Magic


You had 14 spell levels left.
You knew the following spells:

 Your Spells              Type           Power      Damage    Failure   Level
a - Sandblast             Erth           54%        2d13      1%          1
b - Summon Small Mammal   Summ           88%        N/A       1%          1
c - Summon Guardian Gole  Hex/Summ       18%        N/A       5%          3
d - Passwall              Tmut/Erth      15%        N/A       2%          2
e - Slow                  Hex            56%        N/A       2%          1

Your spell library contained the following spells:

 Spells                   Type           Power      Damage    Failure   Level
 Confusing Touch          Hex            14%        N/A       9%          3
 Vampiric Draining        Necr           8%         2d6       13%         3
 Petrify                  Tmut/Erth      18%        N/A       17%         4
 Orb of Destruction       Conj           4%         9d5       100%        7
 Spellforged Servitor     Conj/Summ      7%         N/A       100%        7


Dungeon Overview and Level Annotations

Branches:
Dungeon (6/15)             Temple (0/1) D:4

Altars:
Wu Jian


Message History

Deactivating autopickup; reactivate with Ctrl-A.
Cast which spell? (? or * to list)
You can't see any susceptible monsters within range! (Use Z to cast anyway.) Unknown command.
Cast which spell? (? or * to list)
You can't see any susceptible monsters within range! (Use Z to cast anyway.)
An adder comes into view.
The adder hisses angrily.
Something hits you but does no damage.
You hit something but do no damage. Something hits you. Something shocks you.
You barely miss something. Something hits you but does no damage.
You hit something but do no damage.
A sky beast appears from thin air!
Reactivating autopickup.
The sky beast misses you.
You hit the sky beast.
The sky beast is lightly wounded.
The sky beast barely misses you. The adder bites you.
You barely miss the sky beast.
The sky beast is lightly wounded.
The adder bites you.
You are poisoned.
The adder poisons you! The sky beast hits you.
* * * LOW HITPOINT WARNING * * *
The sky beast shocks you.
* * * LOW HITPOINT WARNING * * *
You feel better. The adder barely misses you. The sky beast hits you.
The sky beast shocks you.
* * * LOW HITPOINT WARNING * * *
The adder bites you.
* * * LOW HITPOINT WARNING * * *
You are lethally poisoned!
The adder poisons you!
You closely miss the adder.
* * * LOW HITPOINT WARNING * * *
You feel sick.
The sky beast hits you but does no damage.
The adder bites you but does no damage. The sky beast hits you.
* * * LOW HITPOINT WARNING * * *
The sky beast shocks you.
You die...

....##......
.............#....#...#.
.......... ..##...##..##
.........###............
.........#.........##...
.........#....#..[.##...
.........#.#..#.#.#..>..
#.................#.....
#.....Y@...............#
#.....S..........###....
#.##.........##.##....##
#...#........#.......
.....#...#.#..#......#
.....##..##..........##
..#### ##.###.#..? .##
.# ### #.###. ##


You could see a sky beast and an adder.

Vanquished Creatures
  A black bear (D:6)
  An ogre (D:5)
  A centaur (D:5)
  A scorpion (D:6)
  A bullfrog zombie (D:5)
  A centaur zombie (D:6)
  A hound (D:4)
  A centaur skeleton (D:5)
  3 gnolls (D:4)
  4 adders
  A worm (D:4)
  3 dart slugs
  An orc (D:6)
  4 ball pythons
  A bat (D:2)
  6 endoplasms
  A giant cockroach (D:1)
  3 goblins
  6 hobgoblins
  5 kobolds
  A quokka (D:2)
  2 frilled lizards
  4 rats
53 creatures vanquished.

Vanquished Creatures (collateral kills)
  A goblin (D:3)
1 creature vanquished.

Grand Total: 54 creatures vanquished

Notes
Turn   | Place    | Note
-------+----------+-------------------------------------------
     0 | D:1      | Mickster the Deep Elf Wanderer began the quest for the Orb.
     0 | D:1      | Mickster set off with the following items: a +0 dagger, 32
                  | stones, a +0 robe, a +0 helmet; and the following spells
                  | available to memorise: Sandblast, Summon Small Mammal,
                  | Passwall, Summon Guardian Golem, Petrify
     0 | D:1      | Reached XP level 1. HP: 10/10 MP: 9/9
   119 | D:1      | Learned a level 1 spell: Sandblast
   121 | D:1      | Learned a level 1 spell: Summon Small Mammal
   126 | D:1      | Reached skill level 6 in Spellcasting
   201 | D:1      | Reached XP level 2. HP: 13/15 MP: 9/11
   500 | D:2      | Reached XP level 3. HP: 19/19 MP: 9/13
   627 | D:2      | Found a faded altar of an unknown god.
  1201 | D:3      | Learned a level 3 spell: Summon Guardian Golem
  2034 | D:3      | Reached XP level 4. HP: 24/24 MP: 12/14
  2431 | D:4      | Reached skill level 7 in Spellcasting
  2477 | D:4      | Reached skill level 1 in Short Blades
  2477 | D:4      | Reached XP level 5. HP: 24/28 MP: 16/16
  2498 | D:4      | Learned a level 2 spell: Passwall
  2570 | D:4      | Learned a level 1 spell: Slow
  2607 | D:4      | Found a staircase to the Ecumenical Temple.
  2830 | D:5      | Entered Level 5 of the Dungeon
  3042 | D:5      | Found an ornate altar of the Wu Jian Council.
  3043 | D:5      | Noticed an ogre
  3053 | D:5      | Killed an ogre
  3054 | D:5      | Reached XP level 6. HP: 33/33 MP: 12/18
  3295 | D:5      | Reached skill level 1 in Armour
  3295 | D:5      | Reached skill level 8 in Spellcasting
  3853 | D:6      | Reached skill level 1 in Hexes
  3858 | D:6      | Reached XP level 7. HP: 22/37 MP: 13/20
  3913 | D:6      | Slain by a sky beast

Illustrated notes

Levels and vault maps discovered:
D:1:      evilmike_arrival_crescent, layout_basic, serial_forest,
          infiniplex_forest_corner_1, infiniplex_forest_end_3,
          infiniplex_forest_zigzag_1, infiniplex_forest_clump_tiny,
          infiniplex_forest_lined_corner, infiniplex_forest_clump_tiny
D:2:      layout_loops_ring, ebering_ecumenical_altar_rust,
          kennysheep_minor_cross
D:3:      layout_basic
D:4:      layout_cave_pools, minmay_temple_entry_butterflies, grunt_decor_cap
D:5:      layout_loops_ring, mainiacjoe_overflow_concentric_impassable
D:6:      layout_cave_pools

Skill      XL: |  1  2  3  4  5  6 |
---------------+-------------------+-----
Spellcasting   | 6 7 8 |  8.4
Earth Magic    | 3 4 |  4.4
Short Blades   | 1 2 |  2.4
Armour         | 1 |  1.1
Hexes          | 1 |  1.3
Summonings     | 3 |  3.2
Fighting       | |  0.6
Throwing       | |  0.4
Dodging        | |  2.9
Stealth        | |  0.7

Action                   |  1- 3 |  4- 6 |  7- 9 || total
-------------------------+-------+-------+-------++-------
Melee: Dagger            |    13 |       |       ||    13
       Punch             |     1 |       |       ||     1
       Rapier            |     5 |    18 |    14 ||    37
Throw: Dart              |     3 |     4 |       ||     7
 Cast: Sandblast         |    44 |    35 |     2 ||    81
       Summon Small Mamm |     6 |     1 |       ||     7
       Summon Guardian G |     1 |     2 |       ||     3
  Use: Scroll            |     7 |     1 |       ||     8
       Potion            |     4 |       |     1 ||     5
Armor: Robe              |    16 |       |       ||    16
       Leather armour    |       |    18 |    12 ||    30
Dodge: Dodged            |    19 |    32 |    15 ||    66
